 Dungeon Crawl Stone Soup version 0.17-a0-1430-g49fde19 (webtiles) character file.

3162 panicbit the Blocker (level 9, -6/81 HPs)
             Began as a Minotaur Fighter on June 25, 2015.
             Mangled by an orc warrior
             ... wielding a +0 halberd
              (24 damage)
             ... on level 8 of the Dungeon.
             The game lasted 00:33:29 (8316 turns).

panicbit the Blocker (Minotaur Fighter)             Turns: 8316, Time: 00:33:29

Health: -6/81      AC: 13    Str: 21    XL:     9   Next: 63%
Magic:  8/8        EV:  7    Int:  5    God:
Gold:   550        SH: 11    Dex: 13    Spells: 0 memorised, 8 levels left

rFire  . . .     SeeInvis .     a - +0 war axe
rCold  . . .     Clarity  .     y - +0 plate armour
rNeg   + . .     SustAt   .     c - +0 shield
rPois  .         Gourm    .     (helmet restricted)
rElec  .         Spirit   .     (no cloak)
rCorr  .         Warding  .     (no gloves)
rMut   .         Stasis   .     (no boots)
MR     .....                    (no amulet)
Stlth  ..........               G - ring of flight
                                H - ring of positive energy

@: not resistant to hostile enchantments, extremely unstealthy
A: retaliatory headbutt, horns 2
a: Evoke Flight


You were on level 8 of the Dungeon.
You were not hungry.

You visited 1 branch of the dungeon, and saw 8 of its levels.
You also visited: Sewer.

You collected 550 gold pieces.

Inventory:

Hand weapons
 a - a +0 war axe (weapon)
Armour
 b - a +0 scale mail
 c - a +0 shield (worn)
 y - a +0 plate armour (worn)
Jewellery
 s - an uncursed ring of protection from cold
 x - an uncursed amulet of rage
 G - a ring of flight (right hand)
 H - a ring of positive energy (left hand)
Magical devices
 v - a wand of confusion (26)
 w - a wand of slowing (25)
 C - a wand of polymorph (11)
Scrolls
 f - 2 scrolls of fog {unknown}
 g - 3 scrolls of enchant armour {unknown}
 i - 9 scrolls of identify {unknown}
 j - 2 scrolls of teleportation {unknown}
 k - 6 scrolls of remove curse {unknown}
 m - a scroll of magic mapping {unknown}
 n - 2 scrolls of random uselessness {unknown}
 o - 2 scrolls of noise {unknown}
 p - 3 scrolls of amnesia {unknown}
 r - 2 scrolls of blinking {unknown}
 z - a scroll of holy word {unknown}
 D - a scroll of recharging {unknown}
Potions
 d - 5 potions of might
 h - 3 potions of curing
 l - 2 potions of haste {unknown}
 q - 2 potions of flight {unknown}
 t - a potion of degeneration {unknown}
 A - 4 potions of agility {unknown}
 B - a potion of heal wounds {unknown}
 E - a potion of brilliance {unknown}
Comestibles
 e - 3 bread rations
 u - 5 fruits
 F - a meat ration
 I - 4 chunks of flesh


   Skills:
 + Level 7.8 Fighting
 + Level 8.2 Axes
 + Level 7.5 Armour
 + Level 5.9 Dodging
 + Level 1.1 Stealth
 + Level 8.7 Shields


You had 8 spell levels left.
You didn't know any spells.

Dungeon Overview and Level Annotations

Branches:
Dungeon (8/15)             Temple (0/1) D:6            Lair (0/8) D:8

Altars:
Dithmenos
Elyvilon
Kikubaaqudgha
Makhleb
Qazlal
Ru
Yredelemnul
Zin
The Shining One


Innate Abilities, Weirdness & Mutations

You reflexively headbutt those who attack you in melee.
You have a pair of horns on your head.


Message History

The orc warrior barely misses you.
You closely miss the orc warrior.
The orc warrior is severely wounded.
You block the orc warrior's attack.
You closely miss the orc warrior.
The orc warrior is severely wounded.
Your shield and plate armour prevent you from hitting the orc warrior.
The orc warrior is severely wounded.
You block the orc warrior's attack.
Your plate armour prevents you from hitting the orc warrior.
Your headbutt misses the orc warrior.
The orc warrior is severely wounded.
You block the orc warrior's attack.
Your shield and plate armour prevent you from hitting the orc warrior.
The orc warrior is severely wounded.
The orc warrior closely misses you.
You hit the orc warrior.
The orc warrior is almost dead.
The orc warrior hits you with a halberd!!
You die...

#....... #####
#....... # ##...
#....... . ....
### #....... #
... .. #.......
# #.# .#
#.#..... #
#.##.###.##
..<..#.. #
#.o).......
###...<.
##########
#..@)# #. #.....
.........#
#.####
#.###.....
..######.#####.#
#....####. ..#
#.#.....#
#..####. ###
#.#.#####
#....... # #.#.#
#.#..##### #.#.#
#.......(.
######.#.#
###.###.#.
#........# #.#
#.#.


You could see an orc warrior.

Vanquished Creatures
  The ghost of panicbit the Covered, an average MiFi (D:6)
  Grinder (D:3)
  Sigmund (D:3)
  Menkaure (D:5)
  A sky beast (D:6)
  An ice beast (D:7)
  Purgy (D:3)
  A centaur (D:7)
  2 ogres
  4 giant frogs
  4 scorpions
  2 giant frog zombies
  2 jellies
  3 crimson imps
  3 iguanas
  2 orc priests
  4 hounds
  A centaur skeleton (D:4)
  Jessica (D:2)
  Terence (D:2)
  A quasit (D:7)
  Natasha (thrice) (D:3)
  7 orc wizards
  6 worker ants
  A hound zombie (D:6)
  2 hound skeletons
  Robin (D:3)
  8 adders
  6 gnolls (D:7)
  A river rat (D:4)
  2 shadow imps
  9 oozes
  6 worms
  13 giant geckos
  23 orcs
  11 ball pythons
  14 bats
  3 bat skeletons
  12 giant cockroaches
  16 hobgoblins
  2 quokkas
  A ball python skeleton (D:4)
  A giant gecko skeleton (D:5)
  9 giant newts
  17 goblins
  17 jackals
  19 kobolds
  13 rats
261 creatures vanquished.

Notes
Turn   | Place    | Note
--------------------------------------------------------------
     0 | D:1      | panicbit the Minotaur Fighter began the quest for the Orb.
     0 | D:1      | Reached XP level 1. HP: 19/19 MP: 0/0
   305 | D:1      | Reached XP level 2. HP: 27/27 MP: 1/1
   354 | D:1      | Reached skill level 4 in Shields
  1172 | D:2      | Noticed Terence
  1185 | D:2      | Killed Terence
  1185 | D:2      | Reached XP level 3. HP: 29/33 MP: 2/2
  1197 | D:2      | Noticed Jessica
  1202 | D:2      | Killed Jessica
  1202 | D:2      | Reached XP level 4. HP: 37/41 MP: 3/3
  1253 | D:2      | Found a sacrificial altar of Ru.
  1253 | D:2      | Found an ancient bone altar of Kikubaaqudgha.
  1458 | D:2      | Found a burning altar of Makhleb.
  1625 | D:2      | Reached skill level 1 in Dodging
  1944 | D:3      | Noticed Sigmund
  1958 | D:3      | HP: 1/41 [something (6)]
  2441 | D:3      | Reached XP level 5. HP: 47/47 MP: 4/4
  2461 | D:3      | Reached skill level 5 in Armour
  2989 | D:3      | Noticed Robin
  3004 | D:3      | Killed Robin
  3245 | D:4      | Found a glowing drain.
  3287 | Sewer    | Entered a sewer
  3387 | Sewer    | Reached XP level 6. HP: 49/53 MP: 5/5
  3615 | Sewer    | Reached skill level 5 in Shields
  3620 | Sewer    | Reached skill level 5 in Fighting
  3966 | D:4      | Found a basalt altar of Yredelemnul.
  4044 | D:4      | Reached XP level 7. HP: 55/61 MP: 6/6
  4182 | D:4      | Noticed an ogre
  4184 | D:4      | Killed an ogre
  4327 | D:5      | Entered Level 5 of the Dungeon
  4380 | D:5      | Noticed Menkaure
  4784 | D:6      | Noticed panicbit's ghost (average MiFi)
  4810 | D:6      | Killed panicbit's ghost
  4810 | D:6      | Reached skill level 5 in Axes
  4810 | D:6      | Reached skill level 6 in Armour
  5084 | D:3      | Noticed Natasha
  5095 | D:3      | Killed Natasha
  5095 | D:3      | Reached XP level 8. HP: 48/70 MP: 7/7
  5140 | D:3      | Noticed Natasha
  5151 | D:3      | Killed Natasha
  5408 | D:3      | Noticed Grinder
  5409 | D:3      | Paralysed by Grinder for 2 turns
  5423 | D:3      | Paralysed by Grinder for 7 turns
  5437 | D:3      | Killed Grinder
  5437 | D:3      | Reached skill level 5 in Dodging
  5458 | D:3      | Noticed Natasha
  5470 | D:3      | Killed Natasha
  5671 | D:3      | Killed Sigmund
  5769 | D:3      | Noticed Purgy
  5779 | D:3      | Killed Purgy
  5779 | D:3      | Reached skill level 7 in Shields
  6305 | D:5      | Killed Menkaure
  6335 | D:5      | Found a shadowy altar of Dithmenos.
  6681 | D:5      | Found a glowing silver altar of Zin.
  6681 | D:5      | Found a glowing golden altar of the Shining One.
  6681 | D:5      | Found a white marble altar of Elyvilon.
  6860 | D:6      | Reached XP level 9. HP: 79/79 MP: 8/8
  7033 | D:6      | Found a stormy altar of Qazlal.
  7105 | D:6      | Found a staircase to the Ecumenical Temple.
  7194 | D:6      | Reached skill level 1 in Stealth
  7553 | D:7      | Reached skill level 8 in Shields
  8165 | D:8      | Found a staircase to the Lair.
  8316 | D:8      | Mangled by an orc warrior

Vault maps used:
D:1:      shiori_arrival_elements, minivault_5, st_stairs_10
D:2:      gammafunk_temple_overflow_elements, first_bread, bloody_makhleb,
          uniq_jessica, uniq_terence
D:3:      hangedman_decor_points, uniq_robin, uniq_grinder, uniq_sigmund,
          uniq_natasha, uniq_purgy
D:4:      lemuel_coloured_pillars_altar, portal_sewer_entry_a,
          hangedman_decor_push
D:5:      good_gods_mini_temple, hangedman_glass_teeth,
          grunt_dithmenos_smoke_and_mirrors, uniq_menkaure
D:6:      temple_green, basic_altar, minivault_14
D:8:      lightli_temple_of_fire, gammafunk_temple_overflow_statue, lair_0_dummy
Sewer:    sewer_frog_island_02

Action                   |  1- 3 |  4- 6 |  7- 9 || total
-------------------------+-------+-------+-------++-------
Melee: War axe           |    62 |   221 |   393 ||   676
       Unarmed           |       |       |     5 ||     5
  Eat: Chunk             |     1 |     3 |    12 ||    16
       Beef jerky        |       |     1 |       ||     1
       Meat ration       |       |     1 |       ||     1
       Royal jelly       |       |       |     1 ||     1
